 Dungeon Crawl Stone Soup version 0.28.0-43-g3370ac3207 (webtiles) character file.

Game seed: 9147459829813650089

8 yohohoo the Grasshopper (level 2, 0/17 HPs)
             Began as a Deep Elf Warper on Apr 1, 2022.
             Slain by a quokka (3 damage)
             ... on level 2 of the Dungeon.
             The game lasted 00:04:36 (247 turns).

yohohoo the Grasshopper (Deep Elf Warper)            Turns: 247, Time: 00:04:37

Health: 0/17       AC:  3    Str:  8    XL:     2   Next: 0%
Magic:  8/8        EV: 12    Int: 17    God:
Gold:   51         SH:  0    Dex: 14    Spells: 7/7 levels left

rFire   . . .      SeeInvis .   a - +0 short sword
rCold   . . .      Faith    .   (no shield)
rNeg    . . .      Spirit   .   b - +0 leather armour
rPois   .          Reflect  .   (no helmet)
rElec   .          Harm     .   (no cloak)
rCorr   .          Rampage  .   (no gloves)
Will    .....                   (no boots)
Stlth   +.........              (no amulet)
HPRegen 0.05/turn               (no ring)
MPRegen 0.11/turn               (no ring)

@: no status effects
A: no striking features
a: no special abilities


You were on level 2 of the Dungeon.
You visited 1 branch of the dungeon, and saw 2 of its levels.

You collected 51 gold pieces.

Inventory:

Hand Weapons
 a - a +0 short sword (weapon)
 e - a +0 mace
Missiles
 d - 5 boomerangs of dispersal (quivered)
Armour
 b - a +0 leather armour (worn)
 c - a +0 robe
 f - a +0 scale mail


   Skills:
 + Level 1.6 Fighting
 + Level 2.2 Short Blades
 + Level 1.0 Throwing
 + Level 0.7 Armour
 + Level 2.6 Dodging
 + Level 3.0 Spellcasting
 + Level 3.5 Translocations


You had 7 spell levels left.
You didn't know any spells.
Your spell library contained the following spells:

 Spells                   Type           Power      Damage    Failure   Level
 Blink                    Tloc           28%        N/A       9%          2
 Gell's Gravitas          Tloc           14%        N/A       17%         3
 Lesser Beckoning         Tloc           14%        N/A       17%         3
 Teleport Other           Tloc           14%        N/A       17%         3
 Manifold Assault         Tloc           14%        N/A       85%         5


Dungeon Overview and Level Annotations

Branches:
Dungeon (2/15)

Altars:


Message History

You hit the bat but do no damage. The bat hits you.
You hit the bat.
You kill the bat!
Found 10 gold pieces.
There is an open door, spattered with blood here.
You now have 41 gold pieces (gained 9).
There are no items here.
You now have 51 gold pieces (gained 10).
There are no items here.
You open the door.
There is an open door here.
A hobgoblin comes into view.
Found an escape hatch in the ceiling.
The hobgoblin shouts!
A quokka comes into view.
The quokka twitches its whiskers.
The hobgoblin closely misses you. The hobgoblin hits you.
* * * LOW HITPOINT WARNING * * *
You barely miss the hobgoblin. The hobgoblin closely misses you.
You hit the hobgoblin.
The hobgoblin is lightly wounded.
The hobgoblin misses you.
You closely miss the hobgoblin.
The hobgoblin is lightly wounded.
The hobgoblin closely misses you.
You hit the hobgoblin.
The hobgoblin is almost dead.
The hobgoblin closely misses you.
You hit the hobgoblin.
You kill the hobgoblin!
You have reached level 2!
Unknown command.
You hit the quokka but do no damage. The quokka barely misses you.
You barely miss the quokka. The quokka bites you.
* * * LOW HITPOINT WARNING * * *
You hit the quokka but do no damage.
The quokka bites you but does no damage.
You closely miss the quokka. The quokka bites you.
You die...

..........# #...#
###.# #.# #.##
.#.........# #..#
...........# ##.#
#.........# #r##
#.........# #@.#
#.........# ##.##
#.........# #..#
###.........######.##
..'.........'.......#
###.........######..#
............# #..#
############# ...#
...#


You could see a quokka.

Vanquished Creatures
  A ball python (D:1)
  An endoplasm (D:1)
  A giant cockroach (D:1)
  A hobgoblin (D:2)
  2 bats
  A goblin (D:1)
  A rat (D:1)
8 creatures vanquished.

Notes
Turn   | Place    | Note
-------+----------+-------------------------------------------
     0 | D:1      | yohohoo the Deep Elf Warper began the quest for the Orb.
     0 | D:1      | Reached XP level 1. HP: 12/12 MP: 6/6
   244 | D:2      | Reached XP level 2. HP: 5/17 MP: 8/8
   247 | D:2      | Slain by a quokka

Illustrated notes

Levels and vault maps discovered:
D:1:      lightli_arrival_windingriver, layout_loops_ring
D:2:      layout_basic, basic_altar, minmay_tripent

Action                   || total
-------------------------++-------
Melee: Short sword       ||    30
  Use: Scroll            ||     1
Armor: Leather armour    ||    12
Dodge: Dodged            ||    27
